 Dungeon Crawl Stone Soup version 0.29.1-1-gd02db6906a (webtiles) character file.

Game seed: 13373464600254068626

1508 raistware the Conjurer (level 8, -13/46 HPs)
             Began as an Octopode Conjurer on Sept 16, 2022.
             Mangled by Maggie the naga
             ... wielding a +1 scimitar of flaming
              (19 damage)
             ... on level 6 of the Dungeon.
             The game lasted 00:09:57 (7961 turns).

raistware the Conjurer (Octopode Conjurer)          Turns: 7961, Time: 00:09:58

Health: -13/46     AC:  1    Str:  6    XL:     8   Next: 82%
Magic:  19/27      EV: 10    Int: 22    God:
Gold:   388        SH:  0    Dex: 11    Spells: 16/21 levels left

rFire   . . .      SeeInvis .   u - +5 short sword
rCold   . . .      Faith    .   (no shield)
rNeg    . . .      Spirit   .   (helmet restricted)
rPois   .          Reflect  .   (no amulet)
rElec   .          Harm     .   b - ring of flight
rCorr   .          Rampage  .   h - ring of magical power
Will    +....                   q - ring of willpower
Stlth   +++.......              (no ring)
HPRegen 0.15/turn               (no ring)
MPRegen 0.20/turn               (no ring)
                                (no ring)
                                (no ring)

@: lethally poisoned (-13 -> -16), flying, constricted
A: almost no armour, amphibious, 8 rings, camouflage 1, gelatinous body 1,
(nimble swimmer 1), tentacles
a: no special abilities


You were on level 6 of the Dungeon.
You visited 2 branches of the dungeon, and saw 7 of its levels.
You also visited: Sewer.

You collected 388 gold pieces.

Inventory:

Hand Weapons
 u - a +5 short sword (weapon)
Missiles
 s - a throwing net
Jewellery
 b - a ring of flight (left tentacle)
 h - a ring of magical power (right tentacle)
 q - a ring of willpower (on tentacle)
Wands
 r - a wand of polymorph (7)
 t - a wand of mindburst (5)
 w - a wand of digging (6)
Scrolls
 c - 3 scrolls of teleportation {unknown}
 d - a scroll of fear {unknown}
 g - 2 scrolls of amnesia {unknown}
 i - 3 scrolls of vulnerability {unknown}
 j - 3 scrolls of identify {unknown}
 m - a scroll of enchant weapon {unknown}
 v - a scroll of fog {unknown}
 x - a scroll of poison {unknown}
 y - a scroll of summoning {unknown}
 A - 2 scrolls of enchant armour {unknown}
 C - a scroll of immolation {unknown}
 D - a scroll of blinking {unknown}
 G - a scroll of torment {unknown}
Potions
 a - 2 potions of magic
 e - 2 potions of flight {unknown}
 f - 2 potions of lignification {unknown}
 k - 2 potions of degeneration {unknown}
 l - a potion of resistance {unknown}
 n - 3 potions of haste {unknown}
 o - 2 potions of curing {unknown}
 p - a potion of brilliance {unknown}
 z - a potion of attraction {unknown}
 B - a potion of might {unknown}
 E - 2 potions of invisibility {unknown}
 F - a potion of heal wounds {unknown}


   Skills:
 - Level 2.0 Dodging
 - Level 2.6 Stealth
 + Level 7.3 Spellcasting
 + Level 7.8 Conjurations
 - Level 3.0 Translocations


You had 16 spell levels left.
You knew the following spells:

 Your Spells              Type           Power      Damage    Failure   Level
a - Magic Dart            Conj           100%       1d8       1%          1
b - Iskenderun's Mystic   Conj/Tloc      31%        2d8       9%          4

Your spell library contained the following spells:

 Spells                   Type           Power      Damage    Failure   Level
 Searing Ray              Conj           84%        2d7       1%          2
 Dazzling Flash           Conj/Hex       50%        N/A       4%          3
 Fulminant Prism          Conj/Hex       12%        3d9       16%         4
 Frozen Ramparts          Ice            16%        1d3       24%         3
 Ice Form                 Ice/Tmut       8%         N/A       63%         4
 Summon Ice Beast         Ice/Summ       8%         N/A       63%         4
 Agony                    Necr           8%         N/A       92%         5
 Silence                  Hex/Air        4%         N/A       92%         5


Dungeon Overview and Level Annotations

Branches:
Dungeon (6/15)             Temple (1/1) D:4           Sewer (visited)

Altars:
Ashenzari
Dithmenos
Elyvilon
Fedhas
Gozag
Makhleb
Qazlal
Ru
Sif Muna
Trog
Uskayaw
Wu Jian
Yredelemnul
Zin
The Shining One

Shops:
D:2 [

Annotations:
D:6 2 runed translucent doors, Maggie


Innate Abilities, Weirdness & Mutations

You cannot wear most types of armour.
You are amphibious.
You can wear up to eight rings at the same time.
Your skin changes colour to match your surroundings (Stealth+).
Your rubbery body absorbs attacks. (AC +1, EV +1)
((You are camouflaged when in or above water. (Stealth+)))
You have tentacles for arms and can constrict up to eight enemies at once.


Message History

Maggie's mind is blasted!
Aiming: Mindburst
Press: ? - help, Shift-Dir - straight line, f/p - Maggie
Aim: Maggie the naga, wielding a +1 scimitar of flaming and wearing +0 swamp dragon scales (moderately wounded, chance to affect: 47%) Maggie resists with some effort.
Maggie picks up a wand of acid (11).
Aiming: Mindburst
Press: ? - help, Shift-Dir - straight line, f/p - Maggie
Aim: Maggie the naga, wielding a +1 scimitar of flaming, wearing +0 swamp dragon scales and carrying a wand of acid (11) (moderately wounded, chance to affect: 47%) Maggie resists with some effort.
Aiming: Mindburst
Press: ? - help, Shift-Dir - straight line, f/p - Maggie
Aim: Maggie the naga, wielding a +1 scimitar of flaming, wearing +0 swamp dragon scales and carrying a wand of acid (11) (moderately wounded, chance to affect: 47%) Maggie resists with some effort.
Aiming: Mindburst
Press: ? - help, Shift-Dir - straight line, f/p - Maggie
Aim: Maggie the naga, wielding a +1 scimitar of flaming, wearing +0 swamp dragon scales and carrying a wand of acid (11) (moderately wounded, chance to affect: 47%) Maggie resists with some effort.
Maggie spits poison at you. The splash of poison hits you!
You are poisoned.
You feel sick.
Casting: Magic Dart (safe; 1% risk of failure)
Confirm with . or Enter, or press ? or * to list all spells.
The spell is quite dangerous to miscast (9% risk of failure)!
Continue anyway?
You erupt in a blast of force!
The mystic blast hits Maggie.
Maggie is moderately wounded.
You feel sick.
Maggie hits you with a +1 scimitar of flaming!
Maggie burns you!
* * * LOW HITPOINT WARNING * * *
Maggie grabs you. Maggie constricts you.
* * * LOW HITPOINT WARNING * * *
Casting: Iskenderun's Mystic Blast (quite dangerous; 9% risk of failure)
Confirm with . or Enter, or press ? or * to list all spells.
The spell is quite dangerous to miscast (9% risk of failure)!
Continue anyway?
You erupt in a blast of force!
The mystic blast hits Maggie.
Maggie is heavily wounded.
You feel sick.
Maggie hits you with a +1 scimitar of flaming!!
You die...

#.. #.......#
#...## #.
#.####### #....#
# .. ###....###
###### ###
#........#
..##.##
#.#.##...#
#.#...#
#.#......#
#.<.#.#
######.#........
###...#
#......#..#.....
####.##
#@####†........#
.....# #N#
#.##.#.##.
######
#.#.........#
#.#.##.##.###
... ... .. #..
... ..# ###
#.... .# #.... #
#.....


You could see Maggie the naga.

Vanquished Creatures
  Prince Ribbit (D:5)
  Eustachio (D:5)
  3 ogres
  A phantom (D:4)
  Blork the orc (D:5)
  A necrophage (D:6)
  2 scorpions
  3 hounds
  4 jellies (Sewer)
  Crazy Yiuf (D:4)
  2 iguanas (D:5)
  An orc wizard (D:4)
  7 gnolls
  A river rat (Sewer)
  11 adders
  A white imp (D:5)
  2 ufetubi
  2 worms
  4 dart slugs
  8 orcs
  2 bats
  14 endoplasms
  4 giant cockroaches (Sewer)
  5 goblins
  2 hobgoblins
  8 jackals
  3 quokkas (D:4)
  7 ball pythons
  8 frilled lizards
  5 kobolds
  8 rats
123 creatures vanquished.

Vanquished Creatures (others)
  A fungus (D:3)
1 creature vanquished.

Grand Total: 124 creatures vanquished

Notes
Turn   | Place    | Note
-------+----------+-------------------------------------------
     0 | D:1      | raistware the Octopode Conjurer began the quest for the
                  | Orb.
     0 | D:1      | Reached XP level 1. HP: 11/11 MP: 3/3
   158 | D:1      | You are sucked into a shaft and drop 1 floor!
   500 | D:1      | Reached XP level 2. HP: 6/17 MP: 1/5
  1125 | D:2      | Reached XP level 3. HP: 13/21 MP: 7/7
  1575 | D:2      | Found Komoten's Armour Shoppe.
  1713 | D:2      | Reached XP level 4. HP: 20/27 MP: 9/9
  1907 | D:2      | Learned a level 4 spell: Iskenderun's Mystic Blast
  1997 | D:2      | Reached skill level 1 in Translocations
  2247 | D:3      | Found a faded altar of an unknown god.
  3107 | D:3      | Reached XP level 5. HP: 31/31 MP: 11/11
  3233 | D:4      | Noticed an ogre
  3241 | D:4      | Killed an ogre
  3325 | D:4      | Found a staircase to the Ecumenical Temple.
  3339 | Temple   | Entered the Ecumenical Temple
  3437 | D:4      | Reached XP level 6. HP: 36/36 MP: 12/12
  3538 | D:4      | Found an ornate altar of the Wu Jian Council.
  4120 | D:4      | Reached skill level 5 in Conjurations
  4309 | D:4      | Found a runed translucent door.
  4310 | D:4      | Noticed Crazy Yiuf
  4427 | D:4      | Reached skill level 5 in Spellcasting
  4427 | D:4      | Reached XP level 7. HP: 15/41 MP: 14/14
  4948 | D:5      | Entered Level 5 of the Dungeon
  4950 | D:5      | Noticed Blork the orc
  5765 | D:5      | Killed Blork the orc
  5894 | D:5      | Noticed Eustachio
  5925 | D:5      | Killed Eustachio
  5926 | D:5      | Reached XP level 8. HP: 27/46 MP: 11/17
  6175 | D:5      | Noticed Prince Ribbit
  6185 | D:5      | Killed Prince Ribbit
  6222 | D:5      | Found a white marble altar of Elyvilon.
  6228 | D:5      | Found a burning altar of Makhleb.
  6233 | D:5      | Found a shadowy altar of Dithmenos.
  6398 | D:5      | Found a bloodstained altar of Trog.
  6756 | D:5      | Noticed a +0 hand axe
  6757 | D:5      | Found a hide-covered altar of Uskayaw.
  6757 | D:5      | Noticed a +0 hand axe
  7143 | D:4      | Killed Crazy Yiuf
  7320 | D:6      | Found a glowing drain.
  7345 | Sewer    | Entered a sewer
  7707 | Sewer    | Found a viscous altar of Jiyva.
  7870 | D:6      | Found a large runed translucent door.
  7870 | D:6      | Found a large runed translucent door.
  7903 | D:6      | Noticed Maggie
  7953 | D:6      | Noticed Maggie
  7953 | D:6      | Maggie changed into Maggie the naga
  7961 | D:6      | Mangled by Maggie the naga

Illustrated notes

Levels and vault maps discovered:
D:1:      minmay_arrival_arboretum_small, layout_basic
D:2:      layout_basic, serial_shops, shop
D:3:      layout_basic, shapermc_ecumenical_altar_mp_ritualfount,
          minmay_stone_trees_small, chequers_serial_rivers_micro_e,
          nrook_campfire
D:4:      layout_basic, pdpol_wu_jian_five_deadly_venoms,
          minmay_temple_entry_ruins, amcnicky_mini_pool_small,
          uniq_crazy_yiuf_cottage
D:5:      layout_basic, minmay_overflow_temple_star_quad,
          dancing_weapons_uskayaw, mainiacjoe_overflow_alcove_1,
          uniq_blork_the_orc, uniq_prince_ribbit1, uniq_eustachio
D:6:      layout_loops_cross, ebering_ghost_disaster_area,
          cheibrodos_sewer_entry_bend, uniq_maggie
Temple:   nicolae_temple_cloud_nine

Skill      XL: |  1  2  3  4  5  6  7  8 |
---------------+-------------------------+-----
Spellcasting   | 3 4 5 6 7 |  7.3
Translocations | 2 3 |  3.0
Conjurations   | 5 6 7 |  7.8
Dodging        | |  2.0
Stealth        | |  2.6

Action                   |  1- 3 |  4- 6 |  7- 9 || total
-------------------------+-------+-------+-------++-------
Melee: Unarmed           |     8 |     2 |       ||    10
       Tentacles         |     3 |     2 |     3 ||     8
       Constrict         |     1 |       |     4 ||     5
       Short sword       |       |       |    17 ||    17
 Cast: Magic Dart        |    48 |   157 |   160 ||   365
       Iskenderun's Myst |       |       |     8 ||     8
Evoke: Wand              |       |       |     6 ||     6
Armor: Skin              |     2 |     4 |     2 ||     8
Dodge: Dodged            |     5 |    29 |    26 ||    60
